 Dungeon Crawl Stone Soup version 0.31-a0-188-g5e087ee2ca (webtiles) character file.

Game seed: 3894874841491436141

600 qw the Skirmisher (level 7, -1/41 HPs)
             Began as a Deep Elf Hunter on June 23, 2023.
             Slain by a jelly (2 damage)
             ... while paralysed by Grinder
             ... on level 4 of the Dungeon.
             The game lasted 00:01:32 (3045 turns).

qw the Skirmisher (Deep Elf Hunter)                 Turns: 3045, Time: 00:01:32

Health: -1/41      AC:  9    Str: 10    XL:     7   Next: 18%
Magic:  9/9        EV:  2    Int: 14    God:
Gold:   178        SH:  0    Dex: 18    Spells: 6/6 levels left

rFire   . . .        Y - +0 shortbow
rCold   . . .        (shield currently unavailable)
rNeg    . . .        l - +0 ring mail
rPois   .            e - +1 helmet
rElec   .            f - +1 cloak
rCorr   .            (no gloves)
SInv    .            (no boots)
Will    +....        (no amulet)
Stlth   +            b - ring of willpower
HPRegen 0.26/turn    (no ring)
MPRegen 0.11/turn

%: no passive effects
@: paralysed
A: no striking features
a: no special abilities


You were on level 4 of the Dungeon.
You visited 1 branch of the dungeon, and saw 4 of its levels.
You also visited: Sewer.

You collected 178 gold pieces.


   Skills:
 - Level 3.4 Fighting
 + Level 13.4 Ranged Weapons
 - Level 1.0 Armour
 - Level 4.4 Dodging
 - Level 1.2 Stealth


You had 6 spell levels left.
You didn't know any spells.
Your spell library was empty.

Inventory:

Hand Weapons
 Y - a +0 shortbow (weapon)
Armour
 e - a +1 helmet (worn)
 f - a +1 cloak (worn)
 l - a +0 ring mail (worn)
Jewellery
 b - a ring of willpower (left hand)
Scrolls
 a - a scroll of identify
 g - 3 scrolls of teleportation
Potions
 d - a potion of invisibility {unknown}
 h - a potion of degeneration {unknown}
 i - a potion of curing
 j - a potion of might {unknown}
 k - a potion of brilliance {unknown}

Dungeon Overview and Level Annotations

Branches:
Dungeon (4/15)              Sewer (visited)
 Temple: D:4-7

Altars:

Shops:
D:1 =

Annotations:
D:4 Grinder


Message History

You kill the hobgoblin!
You shoot an arrow.
The arrow closely misses the ball python.
The ball python bites you but does no damage.
The ball python grabs you. The ball python constricts you.
You shoot an arrow.
The arrow hits the ball python but does no damage.
The ball python bites you but does no damage.
The ball python constricts you. Grinder hits you.
You writhe in agony.
The ball python bites you but does no damage.
The ball python constricts you.
You shoot an arrow. The arrow hits the ball python.
The ball python is severely wounded.
Grinder misses you.
The ball python bites you but does no damage.
The ball python constricts you.
You shoot an arrow.
The arrow hits the ball python but does no damage.
The ball python is severely wounded.
Grinder gestures at you. You resist with almost no effort.
The ball python bites you but does no damage.
The ball python constricts you.
You shoot an arrow. The arrow hits the ball python.
You kill the ball python!
Grinder hits you.
You writhe in agony.
You shoot an arrow. The arrow hits Grinder.
Grinder is moderately wounded.
Grinder closely misses you. The jelly hits you but does no damage.
You shoot an arrow. The arrow closely misses Grinder.
Grinder barely misses you. The jelly hits you but does no damage.
You shoot an arrow. The arrow hits Grinder!
Grinder is heavily wounded.
Grinder gestures at you.
You suddenly lose the ability to move!
The jelly hits you.
You are splashed with acid!
Grinder hits you but does no damage. The jelly hits you but does no damage.
Grinder hits you! The jelly hits you.
You are splashed with acid!
The jelly hits you.
You die...

#.# #.### ### ....# #.##
..### ##..#####
..#######....##.##
......##......#..#####
......##....#........##.
.......#........>5....?.
................@J.##..
..)####.%.....#.<..#
.### #.......##....$. .#
.........#...#..... ..
...#............#..
.............#...# .
#...##.......###.. ..###
.##..... ..


You could see Grinder and a jelly.

Vanquished Creatures
  Menkaure (D:4)
  2 bullfrogs (Sewer)
  3 iguanas
  Robin (D:4)
  9 adders
  A white imp (D:4)
  2 worms
  2 dart slugs
  10 orcs (D:3)
  12 ball pythons
  12 endoplasms
  5 giant cockroaches
  5 hobgoblins
  5 jackals
  6 kobolds
  10 quokkas
  4 bats
  9 frilled lizards
  16 goblins
  9 rats
124 creatures vanquished.

Notes
Turn   | Place    | Note
-------+----------+-------------------------------------------
     0 | D:1      | qw the Deep Elf Hunter began the quest for the Orb.
     0 | D:1      | Reached XP level 1. HP: 12/12 MP: 3/3
     0 | D:1      | 0 ||| qw: Version: 0.3-a-9-g12657ce
     0 | D:1      | 0 ||| qw: Game counter: 3473
     0 | D:1      | 0 ||| qw: Always use a shield: true
     0 | D:1      | 0 ||| qw: God list: Okawaru
     0 | D:1      | 0 ||| qw: Allow faded altars: false
     0 | D:1      | 0 ||| qw: Do Orc after D:15 true
     0 | D:1      | 0 ||| qw: Do second Lair branch before Depths: true
     0 | D:1      | 0 ||| qw: Lair rune preference: random
     0 | D:1      | 0 ||| qw: Plans: Normal
     0 | D:1      | 0 ||| PLANNING D:1-11
    74 | D:1      | Found Xair's Jewellery Shop.
    82 | D:1      | 82 ||| SHOPLISTING amulet of Ytoodas {Reflect rN+ Int-4
                  | SH+5 SInv Stlth+} (398 gold, have 14).
    82 | D:1      | 82 ||| SHOPLISTING amulet of reflection (300 gold, have
                  | 14).
    82 | D:1      | 82 ||| SHOPLISTING ring of ice (250 gold, have 14).
    82 | D:1      | 82 ||| SHOPLISTING ring of poison resistance (200 gold,
                  | have 14).
    82 | D:1      | 82 ||| SHOPLISTING ring of protection from fire (250 gold,
                  | have 14).
   127 | D:1      | Reached XP level 2. HP: 16/16 MP: 4/4
   145 | D:1      | Reached skill level 6 in Ranged Weapons
   604 | D:1      | 604 ||| UPGRADING to +1 helmet.
   609 | D:1      | 609 ||| READING 3 scrolls labelled QOD FIANIWN.
   610 | D:1      | 610 ||| READING 3 scrolls labelled GIDYHIMEOQI.
   613 | D:1      | 613 ||| READING 2 scrolls of identify.
   613 | D:1      | 613 ||| IDENTIFYING puce potion
   614 | D:1      | 614 ||| DRINKING potion of experience.
   614 | D:1      | Reached skill level 13 in Ranged Weapons
   614 | D:1      | Reached XP level 3. HP: 20/20 MP: 5/5
   615 | D:1      | 615 ||| DROPPING scroll of butterflies.
   664 | D:2      | Reached XP level 4. HP: 25/25 MP: 6/6
   943 | D:2      | 943 ||| UPGRADING to +1 cloak.
   951 | D:2      | 951 ||| READING 2 scrolls of identify.
   951 | D:2      | 951 ||| IDENTIFYING fuming red potion
   952 | D:2      | 952 ||| DROPPING potion of lignification.
  1020 | D:2      | Reached skill level 3 in Dodging
  1314 | D:2      | 1314 ||| DROPPING ring of flight.
  1334 | D:3      | 1334 ||| PLANNING SEWER
  1680 | D:3      | Reached XP level 5. HP: 30/30 MP: 7/7
  1776 | D:3      | Found a glowing drain.
  1777 | D:3      | 1777 ||| UPGRADING to ring of willpower.
  1778 | D:3      | 1778 ||| READING scroll labelled WOUT ZUDOAGENE.
  1779 | D:3      | 1779 ||| READING scroll labelled TALEEVIHAR.
  1780 | D:3      | 1780 ||| DRINKING 2 lumpy sapphire potions.
  1785 | Sewer    | Entered a sewer
  1797 | Sewer    | 1797 ||| Stepping ~*~*~tactically~*~*~ (water).
  1799 | Sewer    | 1799 ||| Stepping ~*~*~tactically~*~*~ (water).
  1803 | Sewer    | 1803 ||| Stepping ~*~*~tactically~*~*~ (water).
  1814 | Sewer    | 1814 ||| Stepping ~*~*~tactically~*~*~ (water).
  1816 | Sewer    | 1816 ||| Stepping ~*~*~tactically~*~*~ (water).
  1818 | Sewer    | 1818 ||| Stepping ~*~*~tactically~*~*~ (water).
  1820 | Sewer    | 1820 ||| Stepping ~*~*~tactically~*~*~ (water).
  1822 | Sewer    | 1822 ||| Stepping ~*~*~tactically~*~*~ (water).
  1824 | Sewer    | 1824 ||| Stepping ~*~*~tactically~*~*~ (water).
  1853 | Sewer    | 1853 ||| Stepping ~*~*~tactically~*~*~ (water).
  1862 | Sewer    | 1862 ||| Stepping ~*~*~tactically~*~*~ (water).
  1876 | Sewer    | 1876 ||| Stepping ~*~*~tactically~*~*~ (water).
  1878 | Sewer    | 1878 ||| Stepping ~*~*~tactically~*~*~ (water).
  1880 | Sewer    | 1880 ||| Stepping ~*~*~tactically~*~*~ (water).
  1882 | Sewer    | 1882 ||| Stepping ~*~*~tactically~*~*~ (water).
  1884 | Sewer    | 1884 ||| Stepping ~*~*~tactically~*~*~ (water).
  1894 | Sewer    | 1894 ||| Stepping ~*~*~tactically~*~*~ (water).
  1924 | Sewer    | 1924 ||| Stepping ~*~*~tactically~*~*~ (water).
  1948 | Sewer    | 1948 ||| Stepping ~*~*~tactically~*~*~ (water).
  1950 | Sewer    | 1950 ||| Stepping ~*~*~tactically~*~*~ (water).
  1952 | Sewer    | 1952 ||| Stepping ~*~*~tactically~*~*~ (water).
  1954 | Sewer    | 1954 ||| Stepping ~*~*~tactically~*~*~ (water).
  1970 | Sewer    | 1970 ||| Stepping ~*~*~tactically~*~*~ (water).
  1972 | Sewer    | 1972 ||| Stepping ~*~*~tactically~*~*~ (water).
  1996 | Sewer    | 1996 ||| Stepping ~*~*~tactically~*~*~ (water).
  2002 | Sewer    | 2002 ||| Stepping ~*~*~tactically~*~*~ (water).
  2007 | Sewer    | 2007 ||| Stepping ~*~*~tactically~*~*~ (water).
  2024 | Sewer    | 2024 ||| Stepping ~*~*~tactically~*~*~ (water).
  2033 | Sewer    | 2033 ||| Stepping ~*~*~tactically~*~*~ (water).
  2052 | Sewer    | Found the +11 plutonium sword {Contam Stlth-}
  2054 | Sewer    | 2054 ||| Stepping ~*~*~tactically~*~*~ (water).
  2061 | Sewer    | Reached XP level 6. HP: 33/35 MP: 8/8
  2153 | Sewer    | 2153 ||| UPGRADING to +0 ring mail.
  2163 | Sewer    | 2163 ||| DROPPING +0 leather armour.
  2178 | D:3      | 2178 ||| PLANNING D:1-11
  2531 | D:4      | Noticed Robin
  2531 | D:4      | Noticed Menkaure
  2534 | D:4      | 2534 ||| STAIRDANCE
  2563 | D:4      | 2563 ||| STAIRDANCE
  2665 | D:4      | 2665 ||| STAIRDANCE
  2673 | D:3      | Reached skill level 1 in Armour
  2674 | D:3      | HP: 9/36 [goblin/+0 dagger[Robin] (3)]
  2675 | D:3      | 2675 ||| READING 4 scrolls of teleportation.
  2813 | D:4      | 2813 ||| STAIRDANCE
  2815 | D:4      | 2815 ||| STAIRDANCE
  2898 | D:4      | Killed Robin
  2905 | D:4      | Killed Menkaure
  2906 | D:4      | Reached skill level 3 in Fighting
  2906 | D:4      | Reached XP level 7. HP: 25/41 MP: 9/9
  2908 | D:4      | 2908 ||| FLEEEEING.
  2909 | D:4      | 2909 ||| FLEEEEING.
  2910 | D:4      | 2910 ||| FLEEEEING.
  2913 | D:4      | 2913 ||| STAIRDANCE
  3025 | D:4      | Noticed Grinder
  3042 | D:4      | Paralysed by Grinder for 5 turns
  3044 | D:4      | HP: 9/41 [Grinder (8)]
  3044 | D:4      | HP: 1/41 [acid (7)]
  3045 | D:4      | Slain by a jelly

Levels and vault maps discovered:
D:1:      heliophobic_arrival_enchanted_forest, layout_basic, serial_shops,
          nicolae_shop_trees
D:2:      layout_loops_ring, serial_bayou, serial_bayou_pond_a,
          serial_bayou_pond_e, serial_bayou_lake_a, serial_bayou_pond_e,
          serial_bayou_shore_b, kennysheep_generic_room_15
D:3:      layout_basic, portal_sewer_entry_e, nicolae_elevator_lobby_plus
D:4:      layout_cave_pools, grunt_ministairs_9, kennysheep_generic_room_11,
          uniq_robin, uniq_menkaure, uniq_grinder

Skill      XL: |  1  2  3  4  5  6 |
---------------+-------------------+-----
Ranged Weapons | 13 | 13.4
Dodging        | 3 4 |  4.4
Fighting       | 2 3 |  3.4
Armour         | 1 |  1.0
Stealth        | |  1.2

Action                     |  1- 3 |  4- 6 |  7- 9 || total
---------------------------+-------+-------+-------++-------
   Fire: Shortbow          |    50 |   251 |    32 ||   333
    Use: Scroll            |     3 |     4 |       ||     7
         Potion            |     1 |     1 |       ||     2
 Armour: Leather armour    |     7 |     8 |       ||    15
         Ring mail         |       |    34 |    10 ||    44
  Dodge: Dodged            |    15 |    75 |     4 ||    94

Table legend:
 A = Non-vault XP
 B = Vault XP
 C = Vault XP percentage of total XP
 D = Non-vault monster count
 E = Vault monster count
 F = Vault count percentage of total count
                 A         B        C        D         E       F
            +---------+---------+-------+---------+---------+-------
      Total |     299 |     504 |  62.8 |      72 |      52 |  41.9
            +---------+---------+-------+---------+---------+-------
        D:1 |      40 |       0 |   0.0 |      23 |       0 |   0.0
        D:2 |      75 |       0 |   0.0 |      16 |       0 |   0.0
        D:3 |     100 |      20 |  16.7 |      28 |      10 |  26.3
        D:4 |      84 |     190 |  69.3 |       5 |       4 |  44.4
      Sewer |       0 |     294 | 100.0 |       0 |      38 | 100.0
            +---------+---------+-------+---------+---------+-------
